AoeStats
← 8Kram

Arena

506258624Analyzed
4v4 RM · 20d ago on Sep 12, 2026· 59m 53s· 8 players
Game mode
Random Map
Map size
Large (8 player)
Population
200
Speed
Normal
Resources
Standard
Victory
Conquest
Starting age
Dark Age
Ending age
Imperial Age
RankedLock teamsTeams togetherTeam positionsShared explorationLock speedFull tech treeHidden civsTurbo modeCheats
Victory
Defeat
🇦🇷 Bohemians · Argentina
1218
+16
🇧🇴 Saracens · Bolivia
1214
+17
🇨🇴 Portuguese · Colombia
1212
+17
🇨🇴 Turks · Colombia
1190
+18
🇦🇷 Ethiopians · Argentina
1267
-19
🇨🇭 Lithuanians · Switzerland
1232
-17
🇩🇪 Italians · Germany
1208
-16
🇬🇧 Koreans · United Kingdom
1201
-16
TTCAPTT
11:27 Feudal Age
12:49 Wheelbarrow
12:01 Horse Collar
15:33 Castle Age
14:15 Stone Mining
15:29 Double-Bit Axe
17:13 Loom
19:14 Town Watch
42:50 Imperial Age
42:06 Hand Cart
51:52 Bow Saw
52:44 Padded Archer Armor
52:50 Scale Barding Armor
52:56 Forging
52:47 Scale Mail Armor
53:13 Gold Mining
54:32 Stone Shaft Mining
54:35 Chain Barding Armor
55:37 Iron Casting
55:21 Chain Mail Armor
55:08 Gambesons
55:10 Arson
55:43 Pikeman
56:40 Town Patrol
56:50 Husbandry
56:11 Light Cavalry
61:10 Imperial Age
59:47 Bloodlines
59:55 Fletching
_188_Lara88_Arg_
10:33 Feudal Age
14:53 Castle Age
12:48 Double-Bit Axe
13:12 Horse Collar
21:01 Wheelbarrow
21:21 Loom
21:22 Town Watch
23:12 Hand Cart
26:44 Pikeman
27:25 Squires
27:11 Arson
27:38 Forging
29:05 Heavy Plow
29:17 Bow Saw
32:59 Imperial Age
30:14 Elite Skirmisher
30:46 Fletching
30:56 Padded Archer Armor
32:01 Bodkin Arrow
32:22 Leather Archer Armor
33:26 Iron Casting
32:52 Scale Mail Armor
34:16 Ballistics
34:57 Chemistry
33:59 Bracer
34:29 Ring Archer Armor
36:05 Blast Furnace
35:20 Chain Mail Armor
34:31 Halberdier
37:02 Town Patrol
37:15 Houfnice
54:25 Two-Man Saw
Andresfcc
11:17 Feudal Age
15:25 Castle Age
13:32 Double-Bit Axe
13:44 Horse Collar
15:12 Loom
16:39 Forging
17:50 Husbandry
24:08 Bow Saw
31:42 Imperial Age
30:21 Fletching
30:32 Padded Archer Armor
30:57 Ballistics
30:55 Bodkin Arrow
31:58 Leather Archer Armor
31:52 Scale Barding Armor
31:49 Stone Mining
31:49 Gold Mining
32:08 Heavy Cavalry Archer
34:17 Bracer
34:48 Ring Archer Armor
37:39 Iron Casting
38:12 Bloodlines
38:29 Chain Barding Armor
39:11 Blast Furnace
39:10 Conscription
39:30 Wheelbarrow
40:44 Artillery
41:46 Plate Barding Armor
43:44 Parthian Tactics
44:50 Two-Man Saw
49:31 Sipahi
52:27 Thumb Ring
8Kram
10:15 Feudal Age
15:10 Castle Age
13:37 Double-Bit Axe
14:53 Horse Collar
19:32 Heavy Plow
21:10 Loom
22:22 Wheelbarrow
21:40 Loom
22:33 Gold Mining
23:27 Scale Barding Armor
26:34 Gold Shaft Mining
27:18 Forging
27:29 Chain Barding Armor
27:25 Bloodlines
27:15 Husbandry
28:44 Husbandry
29:21 Iron Casting
32:29 Hand Cart
32:00 Town Watch
38:00 Imperial Age
35:33 Town Patrol
38:45 Heavy Camel Rider
40:49 Fletching
41:00 Padded Archer Armor
41:36 Plate Barding Armor
42:01 Blast Furnace
42:11 Bodkin Arrow
42:40 Ballistics
43:21 Chemistry
41:51 Crossbowman
42:36 Thumb Ring
42:30 Arbalester
43:30 Leather Archer Armor
44:12 Conscription
44:48 Bracer
45:23 Bracer
46:04 Ring Archer Armor
47:53 Fortified Wall
47:38 Murder Holes
47:56 Masonry
50:31 Light Cavalry
51:39 Bow Saw
51:26 Hussar
54:00 Hoardings
57:13 Treadmill Crane
Papamaci
10:50 Feudal Age
16:02 Castle Age
14:03 Double-Bit Axe
13:59 Horse Collar
16:09 Wheelbarrow
17:05 Bow Saw
16:56 Heavy Plow
23:11 Gold Mining
25:13 Gold Shaft Mining
26:05 Loom
29:36 Imperial Age
27:24 Hand Cart
27:59 Fletching
29:16 Bodkin Arrow
28:48 Pikeman
29:29 Squires
31:19 Chemistry
31:20 Conscription
31:01 Bracer
30:55 Elite War Wagon
31:29 Elite Fire Lancer
34:40 Ballistics
34:29 Scale Mail Armor
34:40 Forging
37:25 Chain Mail Armor
37:46 Iron Casting
37:48 Arson
42:23 Husbandry
41:44 Light Cavalry
42:55 Plate Mail Armor
42:31 Scale Barding Armor
45:31 Chain Barding Armor
56:06 Hussar
Paspian
10:15 Feudal Age
15:14 Castle Age
14:05 Double-Bit Axe
14:31 Horse Collar
18:50 Heavy Plow
20:20 Loom
22:19 Wheelbarrow
21:42 Town Watch
23:11 Gold Mining
23:35 Bow Saw
28:06 Imperial Age
25:02 Crossbowman
28:29 Fletching
31:23 Bodkin Arrow
33:21 Arbalester
41:51 Two-Man Saw
45:55 Squires
50:59 Chemistry
51:24 Scale Mail Armor
51:34 Forging
50:47 Halberdier
53:03 Chain Mail Armor
55:14 Hand Cart
54:59 Town Patrol
55:36 Scale Barding Armor
56:06 Iron Casting
55:32 Bracer
56:54 Husbandry
56:15 Heavy Camel Rider
noziemann
10:10 Feudal Age
12:11 Loom
15:40 Castle Age
15:04 Double-Bit Axe
19:27 Fletching
21:48 Gold Mining
25:13 Redemption
25:54 Horse Collar
31:59 Imperial Age
29:31 Treadmill Crane
30:34 Squires
30:35 Scale Mail Armor
30:54 Bow Saw
31:21 Wheelbarrow
31:26 Arson
33:42 Chemistry
33:08 Chain Mail Armor
33:21 Hand Cart
35:10 Plate Mail Armor
35:17 Bodkin Arrow
37:29 Ballistics
38:48 Bracer
44:21 Padded Archer Armor
45:54 Conscription
48:02 Leather Archer Armor
49:04 Forging
50:40 Scale Barding Armor
50:47 Light Cavalry
51:38 Bloodlines
51:09 Elite Skirmisher
54:13 Husbandry
55:17 Pikeman
ink55
11:10 Feudal Age
9:26 Loom
15:19 Castle Age
13:52 Double-Bit Axe
14:01 Horse Collar
15:30 Gold Mining
17:50 Stone Mining
21:12 Wheelbarrow
21:47 Bow Saw
22:28 Heavy Plow
25:08 Forging
29:30 Imperial Age
27:14 Padded Archer Armor
28:06 Scale Barding Armor
28:13 Bloodlines
28:51 Ballistics
28:51 Fletching
29:30 Chain Barding Armor
30:45 Iron Casting
30:57 Conscription
31:48 Chemistry
31:45 Husbandry
32:42 Plate Barding Armor
32:31 Squires
31:52 Pikeman
35:21 Scale Mail Armor
35:12 Fletching
36:09 Hand Cart
36:59 Chain Mail Armor
37:11 Halberdier
38:36 Light Cavalry
39:35 Tower Shields
40:53 Bodkin Arrow
43:08 Elite Leitis
47:09 Winged Hussar
50:39 Town Watch
51:14 Elite Skirmisher
52:37 Thumb Ring
52:59 Bracer
53:15 Leather Archer Armor
56:50 Fortified Wall
Connection lost

Rejoining the realm…

Still unreachable

The connection could not be restored.

Session expired

The server has moved on; the page needs a fresh start.